 Dungeon Crawl Stone Soup version 0.22-a0-252-gcace5d2 (webtiles) character file.

49 4thArraOfDagon the Ducker (level 3, 0/17 HPs)
             Began as a Felid Chaos Knight on Mar 2, 2018.
             Succumbed to an adder's poison
             ... in a sewer.
             The game lasted 00:02:19 (647 turns).

4thArraOfDagon the Ducker (Felid Chaos Knight)       Turns: 647, Time: 00:02:20

Health: 0/17       AC:  1    Str:  8    XL:     3   Next: 51%
Magic:  4/4        EV: 19    Int: 14    God:    Xom [....*.]
Gold:   20         SH:  0    Dex: 15    Spells: 2/2 levels left
                                        Lives:  0   Deaths: 0

rFire    . . .     SeeInvis +     - Unarmed
rCold    . . .     Gourm    .   (shield unavailable)
rNeg     . . .     Faith    .   (armour unavailable)
rPois    .         Spirit   .   (helmet unavailable)
rElec    .         Reflect  .   (cloak unavailable)
rCorr    .         Harm     .   (gloves unavailable)
MR       .....                  (boots unavailable)
Stlth    +++.......             (no amulet)
HPRegen  0.05/turn              b - ring of flight
MPRegen  0.09/turn              (no ring)

@: lethally poisoned (0 -> -6), quick
A: very small, no armour, no weapons or thrown items, stealth, claws 1, fangs 3,
see invisible, carnivore, speed 1, shaggy fur 1, slow metabolism 1, sharp paws
a: Renounce Religion, Evoke Flight


You were in a sewer.
You worshipped Xom.
You were a beloved toy of Xom.
You were full.

You visited 1 branch of the dungeon, and saw 5 of its levels.
You also visited: Sewer.

You collected 20 gold pieces.

Inventory:

Jewellery
 b - a ring of flight (left paw)
Comestibles
 a - a ration


   Skills:
 - Level 3.2 Fighting
 + Level 3.6 Dodging
 * Level 2.5 Stealth
 * Level 3.6 Unarmed Combat


You had 2 spell levels left.
You didn't know any spells.

Dungeon Overview and Level Annotations

Branches:
Dungeon (5/15)
 Temple: D:4-7

Altars:


Innate Abilities, Weirdness & Mutations

You cannot wear armour.
You are incapable of wielding weapons or throwing items.
Your paws allow you to move quietly. (Stealth)
You have sharp claws.
You have razor-sharp teeth.
You have supernaturally acute eyesight. (SInv)
You are carnivorous and can eat meat at any time.
You cover ground quickly.
You are covered in fur. (AC +1)
You have a slow metabolism.
Your sharp claws are effective at attacking unaware monsters.


Message History

* * * LOW HITPOINT WARNING * * *
The ball python constricts you. The kobold closely misses you.
Unknown command.
You barely miss the ball python. The ball python closely misses you.
* * * LOW HITPOINT WARNING * * *
The ball python constricts you. The kobold barely misses you.
The ball python barely misses you.
* * * LOW HITPOINT WARNING * * *
The ball python constricts you.
Unknown command.
You claw the ball python!
You kill the ball python!
The kobold hits you.
* * * LOW HITPOINT WARNING * * *
Unknown command.
Unknown command.
You aren't carrying any potions.
You aren't carrying any scrolls.
You die...
Xom laughs nastily!

# ##### #≈ #### ##...###
#≈≈#########..###...÷..#
#≈≈#?.#..#..............
≈≈#.....#..............
#≈≈##..K)†....(.........
#≈≈#...@†#≈..≈≈≈≈.......
#≈≈#!.#..#≈≈≈≈≈≈≈≈.≈.≈..
#≈≈## ####≈≈≈≈≈≈≈≈≈≈≈≈.≈
#≈ #≈≈≈≈≈≈≈≈≈≈≈≈≈≈
#≈≈≈≈S≈≈≈≈≈≈≈≈≈≈
#≈#≈≈≈≈≈≈≈≈≈≈≈≈≈≈
≈#≈≈≈≈≈≈≈≈≈≈≈≈≈


You could see a kobold.

Vanquished Creatures
  A hound skeleton (D:4)
  An adder (Sewer)
  A worm (D:5)
  A dart slug (D:2)
  A leopard gecko (D:2)
  An orc (D:5)
  3 ball pythons
  2 bats (D:2)
  2 giant cockroaches (D:3)
  A goblin (D:3)
  3 kobolds (D:2)
  5 rats
22 creatures vanquished.

Vanquished Creatures (collateral kills)
  A kobold (Sewer)
1 creature vanquished.

Vanquished Creatures (others)
  A kobold (Sewer)
1 creature vanquished.

Grand Total: 24 creatures vanquished

Notes
Turn   | Place    | Note
-------+----------+-------------------------------------------
     0 | D:1      | 4thArraOfDagon the Felid Chaos Knight began the quest for the Orb.
     0 | D:1      | Reached XP level 1. HP: 10/10 MP: 2/2
    90 | D:2      | Reached skill level 1 in Stealth
    99 | D:2      | Reached XP level 2. HP: 11/14 MP: 3/3
   125 | D:2      | XOM: silly message
   127 | D:2      | XOM: potion effect (might)
   263 | D:5      | Entered Level 5 of the Dungeon
   285 | D:5      | Found a glowing drain.
   288 | D:5      | Reached XP level 3. HP: 11/17 MP: 4/4
   335 | Sewer    | Entered a sewer
   583 | Sewer    | XOM: harmless Erth miscast
   631 | Sewer    | XOM: enchant monster (good)
   647 | Sewer    | Succumbed to an adder's poison

Vault maps used:
D:1:      dpeg_arrival_rooms_a
D:2:      gammafunk_temple_overflow_wave, first_ration,
          chequers_ecumenical_altar_simple, st_stairs_5
D:3:      elyvilon_altar_4, uniq_sigmund
D:4:      nicolae_tso_besieged_by_evil
D:5:      cheibrodos_sewer_entry_drain
Sewer:    sewer_minmay_treatment

Skill      XL: |  1  2 |
---------------+-------+-----
Stealth        | 1 2 |  2.5
Fighting       | |  3.2
Dodging        | |  3.6
Unarmed Combat | |  3.6

Action                   || total
-------------------------++-------
Melee: Unarmed           ||    68
       Bite              ||     5
       Punch             ||     2
  Use: Potion            ||     1
 Stab: Sleeping          ||     4
  Eat: Chunk             ||     3
Armor: Skin              ||     6
Dodge: Dodged            ||    62

Table legend:
 A = Spawn XP
 B = Non-spawn XP
 C = Spawn XP percentage of total XP
 D = Spawn monster count
 E = Non-spawn monster count
 F = Spawn count percentage of total count
 G = Total turns spent on level
                    A         B        C        D         E        F      G
               +---------+---------+-------+---------+---------+-------+---------
         Total |       0 |      70 |   0.0 |       0 |      23 |   0.0 |   647
               +---------+---------+-------+---------+---------+-------+---------
           D:2 |       0 |      14 |   0.0 |       0 |       7 |   0.0 |    87
           D:3 |       0 |       8 |   0.0 |       0 |       4 |   0.0 |    75
           D:4 |       0 |      18 |   0.0 |       0 |       1 |   0.0 |    56
           D:5 |       0 |      10 |   0.0 |       0 |       4 |   0.0 |    72
         Sewer |       0 |      20 |   0.0 |       0 |       7 |   0.0 |   312
               +---------+---------+-------+---------+---------+-------+---------
